AoeStats
← Lith_KING

Golden Pit

509456486Analyzed
1v1 RM · 6d ago on Sep 26, 2026· 64m 4s· 2 players
Game mode
Random Map
Map size
Tiny (2 player)
Population
200
Speed
Normal
Resources
Standard
Victory
Conquest
Starting age
Dark Age
Ending age
Imperial Age
RankedLock teamsTeams togetherTeam positionsShared explorationLock speedFull tech treeHidden civsTurbo modeCheats
Victory
Defeat
🇦🇺 Lithuanians · Australia
1353
+17
🇨🇭 Magyars · Switzerland
1367
-17
Lith_KING
7:06 Loom
9:16 Feudal Age
9:53 Double-Bit Axe
23:17 Castle Age
22:37 Forging
22:38 Bloodlines
22:35 Scale Barding Armor
24:32 Chain Barding Armor
25:19 Bow Saw
29:12 Wheelbarrow
30:42 Iron Casting
29:55 Pikeman
31:37 Husbandry
36:02 Fletching
40:24 Imperial Age
40:30 Imperial Age
37:45 Elite Skirmisher
38:30 Thumb Ring
40:26 Bodkin Arrow
42:22 Cavalier
47:01 Horse Collar
51:25 Bracer
51:26 Padded Archer Armor
56:38 Plate Barding Armor
56:19 Leather Archer Armor
56:30 Ballistics
57:10 Chemistry
60:44 Paladin
Sun Tzu 1337
6:33 Loom
9:27 Feudal Age
11:13 Double-Bit Axe
11:56 Horse Collar
22:56 Castle Age
21:01 Gold Mining
25:07 Wheelbarrow
25:19 Bow Saw
26:00 Bloodlines
27:02 Scale Mail Armor
27:27 Pikeman
34:38 Fletching
36:54 Bodkin Arrow
39:53 Imperial Age
39:08 Ballistics
41:02 Bracer
41:27 Masonry
45:57 Halberdier
54:42 Scale Barding Armor
54:04 Light Cavalry
54:44 Husbandry
55:07 Scale Mail Armor
56:45 Chain Barding Armor
58:05 Conscription
59:22 Plate Barding Armor
59:55 Elite Magyar Huszar
60:44 Heavy Plow
61:34 Corvinian Army
Connection lost

Rejoining the realm…

Still unreachable

The connection could not be restored.

Session expired

The server has moved on; the page needs a fresh start.